[Event "Late-Titled-Tuesday-Blitz-April-23-2024"]
[Site "Chess.com"]
[Date "2024.04.23"]
[Round "1"]
[White "Harsha_Bharathakoti"]
[Black "Sjakkerntobi"]
[Result "0-1"]
[WhiteElo "2905"]
[BlackElo "2525"]
[TimeControl "180+1"]
[EndTime "14:01:02 PDT"]
[Termination "Sjakkerntobi won by resignation"]

1. Nf3 d5 2. c4 d4 3. b4 g5 4. Bb2 Bg7 5. h3 e5 6. Qa4+ Bd7 7. Qb3 a5 8. b5 Be6 9. d3 Nd7 10. Nbd2 a4 11. Qc2 a3 12. Qc1 axb2 0-1

[Event "Late-Titled-Tuesday-Blitz-April-23-2024"]
[Site "Chess.com"]
[Date "2024.04.23"]
[Round "1"]
[White "Rud_Makarian"]
[Black "rdarruda"]
[Result "1-0"]
[WhiteElo "3049"]
[BlackElo "2529"]
[TimeControl "180+1"]
[EndTime "14:01:47 PDT"]
[Termination "Rud_Makarian won by resignation"]

1. d4 Nf6 2. Nf3 e6 3. c4 d5 4.
Nc3 Be7 5. Bf4 O-O 6. e3 c5 7. dxc5 Qa5 8. a3 dxc4 9. Bxc4 Qxc5 10. Be2 Nc6 11. O-O Rd8 12. Qc1 Bd7 13. b4 Qf5 14.
Nh4 1-0

[Event "Late-Titled-Tuesday-Blitz-April-23-2024"]
[Site "Chess.com"]
[Date "2024.04.23"]
[Round "1"]
[White "WoodlandMagic"]
[Black "dosto07"]
[Result "1-0"]
[WhiteElo "2835"]
[BlackElo "2489"]
[TimeControl "180+1"]
[EndTime "14:01:52 PDT"]
[Termination "WoodlandMagic won by resignation"]

1. Nf3 d5 2. c4 d4 3. g3 Nc6 4. Bg2 e5 5. O-O Nf6 6. d3 Be7 7. b4 e4 8. dxe4 Bxb4 9. e5 Nd7 10. Bb2 Ndxe5 11. Nxe5 Nxe5 12. Qa4+ Nc6 13. Bxc6+ bxc6 14. Qxb4 Be6 15. Qc5 d3 16. Qxc6+ Bd7 17. Qe4+ 1-0

[Event "Late-Titled-Tuesday-Blitz-April-23-2024"]
[Site "Chess.com"]
[Date "2024.04.23"]
[Round "1"]
[White "jcibarra"]
[Black "english_player_89"]
[Result "1-0"]
[WhiteElo "3005"]
[BlackElo "2524"]
[TimeControl "180+1"]
[EndTime "14:02:04 PDT"]
[Termination "jcibarra won by resignation"]

1. e4 e5 2. Nf3 Nc6 3. Bb5 a6 4. Bxc6 dxc6 5. O-O f6 6. d4 exd4 7. Nxd4 c5 8. Nb3 Qxd1 9. Rxd1 Bd7 10. Bf4 O-O-O 11. Nc3 b6 12. Nd5 Bc6 13. Bxc7 Bxd5 14. Bxd8 1-0

[Event "Late-Titled-Tuesday-Blitz-April-23-2024"]
[Site "Chess.com"]
[Date "2024.04.23"]
[Round "1"]
[White "topotun"]
[Black "elmusmolamas"]
[Result "1-0"]
[WhiteElo "2845"]
[BlackElo "2491"]
[TimeControl "180+1"]
[EndTime "14:02:12 PDT"]
[Termination "topotun won by resignation"]

1. e4 c6 2. d4 g6 3. Nc3 Bg7 4. h3 d5 5. Nf3 dxe4 6. Nxe4 Nf6 7. Nxf6+ exf6 8. Bd3 O-O 9. O-O Nd7 10. c4 Nb6 11. b3 f5 12. Bg5 Qd6 13. c5 Qc7 14. cxb6 axb6 15. Qd2 Be6 16. Bc4 Rfe8 17. Bh6 Bh8 18.
Rfe1 Qd7 19. Bxe6 Rxe6 20. Rxe6 Qxe6 21. Re1 Qd5 22. Qe2 Bg7 23. Qe8+ 1-0

[Event "Late-Titled-Tuesday-Blitz-April-23-2024"]
[Site "Chess.com"]
[Date "2024.04.23"]
[Round "1"]
[White "Perecke"]
[Black "ZachHKL"]
[Result "1-0"]
[WhiteElo "2622"]
[BlackElo "2282"]
[TimeControl "180+1"]
[EndTime "14:02:24 PDT"]
[Termination "Perecke won by resignation"]

1. e4 c5 2. Nf3 Nc6 3. d4 cxd4 4. Nxd4 Nf6 5. Nc3 e5 6. Ndb5 d6 7. Nd5 Nxd5 8. exd5 Nb8 9. a4 a6 10. Na3 Be7 11. Be2 O-O 12. O-O f5 13. Bd2 Nd7 14. Nc4 Nf6 15. a5 Rb8 16. Bb4 Qc7 17. Nxe5 dxe5 18. d6 Qd7 19. dxe7 Re8 20. Bc4+ Kh8 21. Qxd7 Bxd7 22. Bf7 Rec8 23. Bd6 Ra8 24. Bxe5 Rc6 25. Rfd1 Be8 26. Rd8 Rcc8 27. Rad1 h6 28. Bxf6 gxf6 29.
Rxc8 Rxc8 30. Rd8 1-0

[Event "Late-Titled-Tuesday-Blitz-April-23-2024"]
[Site "Chess.com"]
[Date "2024.04.23"]
[Round "1"]
[White "krzyzan94"]
[Black "Casper"]
[Result "1-0"]
[WhiteElo "2821"]
[BlackElo "2484"]
[TimeControl "180+1"]
[EndTime "14:02:29 PDT"]
[Termination "krzyzan94 won by resignation"]

1. Nf3 g6 2. d4 Bg7 3. e3 d5 4. Bd3 Nf6 5. O-O O-O 6. c4 Bg4 7. cxd5 Nxd5 8. h3 Bxf3 9. Qxf3 Nc6 10. Nc3 Nb6 11. Be4 Qd7 12. Bxc6 bxc6 13. Ne4 e5 14. dxe5 Bxe5 15. Nf6+ Bxf6 16. Qxf6 Nd5 17. Qd4 Rfd8 18. b3 Ne7 19. Qf6 Nd5 20. Qd4 Ne7 21. Bb2 Qxd4 22.
Bxd4 Nf5 23. Be5 Rd7 24. Rac1 Rad8 25. Rxc6 Rd2 26. a4 Rb8 27. Rxc7 1-0

[Event "Late-Titled-Tuesday-Blitz-April-23-2024"]
[Site "Chess.com"]
[Date "2024.04.23"]
[Round "1"]
[White "AniJak"]
[Black "amanmuhammethommadov"]
[Result "0-1"]
[WhiteElo "2397"]
[BlackElo "2704"]
[TimeControl "180+1"]
[EndTime "14:02:34 PDT"]
[Termination "amanmuhammethommadov won by resignation"]

1. e4 e5 2. Nf3 Nf6 3. Nxe5 d5 4.
exd5 Qxd5 5. d4 Nc6 6. Nxc6 Qxc6 7. Nc3 Bb4 8. Bd2 O-O 9. Qf3 Re8+ 10. Be2 Bxc3 11.
bxc3 Bg4 12. Qxc6 Rxe2+ 13. Kd1 Rxf2+ 14. Qf3 Rxf3 15. gxf3 Bxf3+ 16. Ke1 Re8+ 17. Kf2 Bxh1 18. Rxh1 Ne4+ 19. Ke3 Ng3+ 20. Kd3 Nxh1 0-1

[Event "Late-Titled-Tuesday-Blitz-April-23-2024"]
[Site "Chess.com"]
[Date "2024.04.23"]
[Round "1"]
[White "Orest_Vovk"]
[Black "SmirnovTimofey2000"]
[Result "1-0"]
[WhiteElo "2557"]
[BlackElo "1977"]
[TimeControl "180+1"]
[EndTime "14:02:43 PDT"]
[Termination "Orest_Vovk won by checkmate"]

1. h4 h5 2. Nf3 Nf6 3. Ng5 Nc6 4. Nc3 e5 5. e4 Bc5 6. Bc4 O-O 7. d3 Na5 8. Bd5 Nxd5 9. Nxd5 c6 10. Qxh5 Re8 11. Qh7+ Kf8 12. Qh8# 1-0

[Event "Late-Titled-Tuesday-Blitz-April-23-2024"]
[Site "Chess.com"]
[Date "2024.04.23"]
[Round "1"]
[White "DanielDardha2005"]
[Black "giomar27"]
[Result "1-0"]
[WhiteElo "2855"]
[BlackElo "2493"]
[TimeControl "180+1"]
[EndTime "14:02:50 PDT"]
[Termination "DanielDardha2005 won by resignation"]

1. d4 Nf6 2. Bg5 e6 3. e4 h6 4.
Bxf6 Qxf6 5. e5 Qd8 6. Qg4 c5 7. dxc5 Nc6 8. Nf3 Qa5+ 9. Nc3 Qxc5 10. Qg3 d6 11. Bb5 Bd7 12. O-O-O Nxe5 13. Bxd7+ Nxd7 14. Ne4 Qc6 15. Nxd6+ Bxd6 16. Rxd6 Qc7 17. Rxe6+ Kd8 18. Rd6 Kc8 19. Rhd1 Rd8 20. Ne5 Qxc2+ 1-0

[Event "Late-Titled-Tuesday-Blitz-April-23-2024"]
[Site "Chess.com"]
[Date "2024.04.23"]
[Round "1"]
[White "vi_pranav"]
[Black "2346PL"]
[Result "1-0"]
[WhiteElo "3084"]
[BlackElo "2537"]
[TimeControl "180+1"]
[EndTime "14:03:16 PDT"]
[Termination "vi_pranav won by resignation"]

1. e4 c5 2. Nf3 Nf6 3. Nc3 Nc6 4. Bb5 Nd4 5. Bc4 d6 6. h3 e6 7. O-O a6 8. a4 b6 9. Re1 Bb7 10. d3 Be7 11. Nxd4 cxd4 12. Ne2 e5 13. Ng3 O-O 14. Nf5 Re8 15. Qf3 d5 16. exd5 Bxd5 17.
Qg3 Bf8 18. Nh6+ Kh8 19. Nxf7+ Bxf7 20. Bxf7 Re7 21. Bb3 Qd6 22. Bg5 Rae8 23. a5 b5 24.
Re2 e4 25. Qxd6 1-0

[Event "Late-Titled-Tuesday-Blitz-April-23-2024"]
[Site "Chess.com"]
[Date "2024.04.23"]
[Round "1"]
[White "campochess"]
[Black "Josetricks"]
[Result "0-1"]
[WhiteElo "2150"]
[BlackElo "2581"]
[TimeControl "180+1"]
[EndTime "14:03:22 PDT"]
[Termination "Josetricks won by resignation"]

1. e4 g6 2. d4 Bg7 3. Nc3 c6 4. Nf3 d5 5. exd5 cxd5 6. Bf4 Bg4 7. h3 Bxf3 8. Qxf3 e6 9. Be5 Bxe5 10. dxe5 Nc6 11. Bb5 Ne7 12. Qf6 O-O 13. O-O Nf5 14. Bxc6 bxc6 15. Qxd8 Rfxd8 16. Ne2 Rab8 17. b3 a5 18. a4 c5 19. Nc3 Nd4 20. Rac1 Rdc8 21. Rfe1 c4 22. Red1 cxb3 23. cxb3 Rxc3 24. Rxc3 Ne2+ 25.
Kf1 Nxc3 0-1

[Event "Late-Titled-Tuesday-Blitz-April-23-2024"]
[Site "Chess.com"]
[Date "2024.04.23"]
[Round "1"]
[White "GianmarcoVaR"]
[Black "Sandstad"]
[Result "1-0"]
[WhiteElo "2823"]
[BlackElo "2486"]
[TimeControl "180+1"]
[EndTime "14:03:29 PDT"]
[Termination "GianmarcoVaR won by checkmate"]

1. e4 e5 2. Nf3 Nc6 3. Bc4 Nf6 4.
d3 Bc5 5. c3 a6 6. O-O d6 7.
Bb3 O-O 8. h3 Ba7 9. Re1 h6 10.
Nbd2 Re8 11. Nf1 Be6 12. Bc2 Ne7 13. Ng3 Qd7 14. Nh4 Rad8 15. Qf3 Nh7 16. Nh5 Ng6 17. Nf5 Bxf5 18. exf5 Nf4 19. Bxf4 exf4 20. Qg4 f6 21. Bb3+ d5 22. Bxd5+ Qxd5 23. Qxg7# 1-0

[Event "Late-Titled-Tuesday-Blitz-April-23-2024"]
[Site "Chess.com"]
[Date "2024.04.23"]
[Round "1"]
[White "MarcoRiehle"]
[Black "Caterpiller35"]
[Result "1-0"]
[WhiteElo "2787"]
[BlackElo "2450"]
[TimeControl "180+1"]
[EndTime "14:03:34 PDT"]
[Termination "MarcoRiehle won by resignation"]

1. e4 c5 2. a3 g6 3. h4 h5 4. Nc3 Bg7 5. Bc4 e6 6. d3 Nc6 7. Bg5 Nge7 8. Qd2 a6 9. Nge2 b5 10. Bb3 Nd4 11. Nxd4 cxd4 12. Ne2 Qb6 13. Bxe7 Kxe7 14.
O-O-O Bb7 15. Kb1 a5 16. f4 Rhc8 17. f5 Rab8 18. fxg6 fxg6 19. Qg5+ Kf7 20. Nf4 Rc5 21. Qxg6+ Kg8 22. g4 a4 23. Nxh5 Rxh5 24. gxh5 axb3 25. Rdg1 bxc2+ 1-0

[Event "Late-Titled-Tuesday-Blitz-April-23-2024"]
[Site "Chess.com"]
[Date "2024.04.23"]
[Round "1"]
[White "Cluke86"]
[Black "xberli"]
[Result "0-1"]
[WhiteElo "2322"]
[BlackElo "2633"]
[TimeControl "180+1"]
[EndTime "14:03:38 PDT"]
[Termination "xberli won by resignation"]

1. e4 e5 2. Nf3 Nc6 3. d4 exd4 4. Bc4 Nf6 5. O-O Nxe4 6. Nc3 Nxc3 7. bxc3 d5 8. Bb5 Be7 9. cxd4 O-O 10. h3 Bf5 11. Bf4 Bd6 12. Bxc6 Bxf4 13. Bxb7 Rb8 14. Ba6 Re8 15. Bd3 Be4 16. Re1 Qf6 17. c3 Bd6 18.
Qc2 Bxf3 19. gxf3 Qf4 20. Re3 Qh2+ 21. Kf1 Qh1+ 22. Ke2 Rxe3+ 23. fxe3 Qxa1 0-1

[Event "Late-Titled-Tuesday-Blitz-April-23-2024"]
[Site "Chess.com"]
[Date "2024.04.23"]
[Round "1"]
[White "Angry_Twin"]
[Black "ATM622"]
[Result "1-0"]
[WhiteElo "2924"]
[BlackElo "2509"]
[TimeControl "180+1"]
[EndTime "14:03:44 PDT"]
[Termination "Angry_Twin won by resignation"]

1. e4 c6 2. Nf3 d5 3. d3 dxe4 4. dxe4 Qxd1+ 5. Kxd1 g6 6. Nbd2 Bg7 7. Ne1 Nd7 8. Nd3 Ngf6 9. f3 O-O 10. c3 b6 11. Kc2 Bb7 12. a4 a5 13. Nc4 Ba6 14. Nce5 Rac8 15. Be3 Nxe5 16. Nxe5 Bxf1 17. Rhxf1 c5 18.
Nc4 Rc6 19. Rad1 Rfc8 20. e5 Ne8 21. Rd7 Kf8 22. Rb7 R8c7 23. Rxb6 Rxb6 24. Nxb6 Bxe5 25.
Nc4 Bf6 26. Rd1 e6 27. Nxa5 Ke7 28. Nc4 Ng7 29. g4 h5 30. g5 1-0

[Event "Late-Titled-Tuesday-Blitz-April-23-2024"]
[Site "Chess.com"]
[Date "2024.04.23"]
[Round "1"]
[White "Vladimir_Zakhartsov"]
[Black "scandalgod"]
[Result "1-0"]
[WhiteElo "2913"]
[BlackElo "2504"]
[TimeControl "180+1"]
[EndTime "14:04:02 PDT"]
[Termination "Vladimir_Zakhartsov won by resignation"]

1. d4 d5 2. c4 c6 3. cxd5 cxd5 4. Bf4 Nf6 5. e3 Nc6 6. Bb5 Bd7 7. Nc3 e6 8. Nf3 Be7 9. O-O O-O 10. Bd3 Rc8 11. Rc1 a6 12. Ne5 b5 13. Bb1 Na5 14.
Qd3 Nc4 15. Bg5 g6 16. Qe2 b4 17. Nxd7 Qxd7 18. Nd1 Rc6 19. Bd3 Na3 20. Rxc6 1-0

[Event "Late-Titled-Tuesday-Blitz-April-23-2024"]
[Site "Chess.com"]
[Date "2024.04.23"]
[Round "1"]
[White "SRob2003"]
[Black "Veganator13"]
[Result "1-0"]
[WhiteElo "2669"]
[BlackElo "2359"]
[TimeControl "180+1"]
[EndTime "14:04:03 PDT"]
[Termination "SRob2003 won by resignation"]

1. c4 g6 2. g3 Bg7 3. Bg2 c5 4.
Nc3 Nc6 5. Nf3 d6 6. d4 cxd4 7. Nb5 e5 8. e3 a6 9. Na3 dxe3 10.
Bxe3 Nf6 11. O-O O-O 12. Bg5 Be6 13. Qd2 Ne4 14. Qe3 Nxg5 15. Nxg5 Bf5 16. Ne4 Nd4 17. Rfd1 Rc8 18. Rac1 h5 19. Nc2 h4 20. Nxd4 exd4 21. Qf4 h3 22. Bf3 Be5 23. Qh6 Bg7 24. Qf4 Be5 25. Qh6 Bxe4 26. Bxe4 b5 27. Bd5 Qf6 28.
Qxh3 bxc4 29. Bxc4 d3 30. Bxf7+ Rxf7 31. Rxc8+ Rf8 32.
Rxf8+ Kxf8 33. Rxd3 1-0

[Event "Late-Titled-Tuesday-Blitz-April-23-2024"]
[Site "Chess.com"]
[Date "2024.04.23"]
[Round "1"]
[White "MaryanKyrychenko"]
[Black "JSPrepz"]
[Result "0-1"]
[WhiteElo "2471"]
[BlackElo "2816"]
[TimeControl "180+1"]
[EndTime "14:04:06 PDT"]
[Termination "JSPrepz won by resignation"]

1. e4 e5 2. Nf3 Nc6 3. d4 exd4 4. Nxd4 Nf6 5. Nxc6 bxc6 6. e5 Ne4 7. Bd3 Nc5 8.
O-O Be7 9. Nc3 O-O 10. Qh5 Nxd3 11. cxd3 d5 12. d4 Rb8 13. a3 Qd7 14. h3 Qf5 15.
Qxf5 Bxf5 16. g4 Bd3 17. Rd1 Bc2 18. Re1 Rb3 19. f4 Rd8 20. Kg2 c5 21. Re2 Bd3 22. Rd2 Bc4 23. dxc5 d4 24. Ne4 Bd5 25. Re2 d3 26. Re1 d2 0-1

[Event "Late-Titled-Tuesday-Blitz-April-23-2024"]
[Site "Chess.com"]
[Date "2024.04.23"]
[Round "1"]
[White "Vahe_Danielyan"]
[Black "Andrii_Prydun"]
[Result "1-0"]
[WhiteElo "2697"]
[BlackElo "2388"]
[TimeControl "180+1"]
[EndTime "14:04:10 PDT"]
[Termination "Vahe_Danielyan won by resignation"]

1. d4 d5 2. c4 e6 3. Nc3 Nf6 4. cxd5 exd5 5. Bg5 Be7 6. e3 c6 7. Bd3 Bg4 8. Nge2 Nbd7 9. O-O Nf8 10. f3 Bh5 11. Ng3 Bg6 12. Qc2 Bxd3 13. Qxd3 h6 14. Bf4 Ng6 15. Be5 Bd6 16. Bxd6 Qxd6 17. Nf5 Qf8 18.
e4 dxe4 19. fxe4 Ne7 20. e5 Nxf5 21. Rxf5 Ng8 22. Raf1 Ne7 23. R5f3 Rd8 24. Ne4 Nc8 25. Qb3 Rd7 26. e6 Re7 27. exf7+ Kd8 28. Nc5 1-0

[Event "Late-Titled-Tuesday-Blitz-April-23-2024"]
[Site "Chess.com"]
[Date "2024.04.23"]
[Round "1"]
[White "A4RookA3"]
[Black "ReadySkate"]
[Result "0-1"]
[WhiteElo "2369"]
[BlackElo "2677"]
[TimeControl "180+1"]
[EndTime "14:04:18 PDT"]
[Termination "ReadySkate won by resignation"]

1. d4 Nf6 2. Bf4 g6 3. Nc3 d5 4. e3 Bg7 5. Nb5 Na6 6. Nc3 O-O 7. Bxa6 bxa6 8. Be5 a5 9. Nge2 Ba6 10. O-O Qd7 11. b3 Rac8 12. Na4 Qb5 13. Re1 Nd7 14. Bxg7 Kxg7 15. Rc1 e6 16. c4 dxc4 17. bxc4 Qg5 18. Qd2 Rb8 19. Ng3 Rb4 20. Ne4 Qh4 21. Nec5 Nxc5 22. Nxc5 Bc8 23. a3 Rb6 24. Qxa5 Rb2 25. g3 Qf6 26. Qxc7 Qxf2+ 0-1

[Event "Late-Titled-Tuesday-Blitz-April-23-2024"]
[Site "Chess.com"]
[Date "2024.04.23"]
[Round "1"]
[White "MuhittinBuker"]
[Black "Kolle05"]
[Result "0-1"]
[WhiteElo "2123"]
[BlackElo "2568"]
[TimeControl "180+1"]
[EndTime "14:04:21 PDT"]
[Termination "Kolle05 won by resignation"]

1. d4 Nf6 2. c4 e6 3. Nc3 Bb4 4. e3 b6 5. Nf3 Ne4 6. Qc2 Bb7 7.
Bd3 f5 8. O-O Bxc3 9. bxc3 d6 10.
Ne1 O-O 11. f3 Nf6 12. e4 fxe4 13. fxe4 e5 14. Nf3 Nbd7 15. Bg5 Qe7 16. Rae1 h6 17. Bh4 g5 18. Bg3 Rf7 19. d5 Raf8 20. h3 Nc5 21.
Nh2 Bc8 22. Bf2 Nh5 23. Bxc5 bxc5 24. Be2 Ng3 25. Rxf7 Qxf7 26. Bg4 Bxg4 27. Nxg4 Kg7 28. Ne3 Qf4 29. Ng4 h5 30. Nh2 g4 31. hxg4 hxg4 32.
Rb1 Qe3+ 0-1

[Event "Late-Titled-Tuesday-Blitz-April-23-2024"]
[Site "Chess.com"]
[Date "2024.04.23"]
[Round "1"]
[White "Levanzovsky"]
[Black "Fandorine"]
[Result "0-1"]
[WhiteElo "2509"]
[BlackElo "2924"]
[TimeControl "180+1"]
[EndTime "14:04:22 PDT"]
[Termination "Fandorine won by resignation"]

1. e4 c5 2. Nf3 d6 3. d4 cxd4 4. Qxd4 Nf6 5. Nc3 a6 6. Bg5 Nc6 7. Qd3 e6 8. Be2 Be7 9. O-O O-O 10. Rad1 Qc7 11. a3 Rd8 12. h3 b5 13. Rd2 Bb7 14.
Rfd1 Rac8 15. Bf4 Ne5 16. Bxe5 dxe5 17. Qe3 Rxd2 18. Rxd2 h6 19. Bd3 Bc5 20. Qe2 Nh5 21. g3 Nxg3 22. Qd1 Nh5 23. Bf1 Nf6 24. a4 b4 0-1

[Event "Late-Titled-Tuesday-Blitz-April-23-2024"]
[Site "Chess.com"]
[Date "2024.04.23"]
[Round "1"]
[White "FM_Kappeler"]
[Black "Denmark2015"]
[Result "0-1"]
[WhiteElo "2252"]
[BlackElo "2612"]
[TimeControl "180+1"]
[EndTime "14:04:31 PDT"]
[Termination "Denmark2015 won by resignation"]

1. d4 e6 2. c4 f5 3. Nf3 Nf6 4. g3 Be7 5. Bg2 Ne4 6. O-O d5 7.
Nbd2 Nc6 8. e3 Bf6 9. b3 h5 10. h4 g5 11. hxg5 Bxg5 12. Nxg5 Qxg5 13. Nf3 Qg7 14. Bb2 Bd7 15. Rc1 h4 16. Nxh4 O-O-O 17. cxd5 exd5 18. Nf3 Rh6 19. a3 Rdh8 20. b4 Nxg3 21.
fxg3 Qxg3 0-1

[Event "Late-Titled-Tuesday-Blitz-April-23-2024"]
[Site "Chess.com"]
[Date "2024.04.23"]
[Round "1"]
[White "ArtemDyachuk"]
[Black "dvglko"]
[Result "1-0"]
[WhiteElo "2736"]
[BlackElo "2431"]
[TimeControl "180+1"]
[EndTime "14:04:32 PDT"]
[Termination "ArtemDyachuk won by resignation"]

1. e4 c6 2. d4 d5 3. Nc3 dxe4 4. Nxe4 Nf6 5. Nxf6+ gxf6 6. c3 Qc7 7. Bd3 h5 8. Ne2 Rg8 9. O-O Bg4 10. Qc2 e6 11. Kh1 Nd7 12. h3 Bxe2 13. Qxe2 Qa5 14. b4 Qd5 15.
Be4 Qb5 16. Bd3 Qd5 17. Be4 Qd6 18. Qxh5 f5 19. Bd3 Nf6 20. Qf3 Nd5 21. Bd2 O-O-O 22.
Rab1 Qc7 23. b5 c5 24. c4 Nf6 25. d5 Bd6 26. Bc3 Ng4 27. Rfe1 Ne5 28. Bxe5 Bxe5 29. Bxf5 Rg5 30. dxe6 Kb8 31. exf7 Rf8 32. Be6 1-0

[Event "Late-Titled-Tuesday-Blitz-April-23-2024"]
[Site "Chess.com"]
[Date "2024.04.23"]
[Round "1"]
[White "Road2GM3000"]
[Black "The_Machine04"]
[Result "1-0"]
[WhiteElo "2453"]
[BlackElo "2731"]
[TimeControl "180+1"]
[EndTime "14:04:39 PDT"]
[Termination "Road2GM3000 won by resignation"]

1. d4 d6 2. c4 e5 3. d5 f5 4.
Nc3 Nf6 5. Bg5 Be7 6. Bxf6 Bxf6 7. e4 O-O 8. Bd3 fxe4 9. Nxe4 Bf5 10. Nf3 Nd7 11. O-O Be7 12. Qc2 Bg6 13. Nfd2 a5 14. Rae1 b6 15. Kh1 Qe8 16. Ng3 Bxd3 17. Qxd3 Nc5 18.
Qc2 Bg5 19. Nde4 Bf4 20. Nxc5 bxc5 21. Ne4 Qg6 22. g3 Bh6 23. Qe2 Rab8 24. b3 a4 25. bxa4 Rb4 26. Nc3 Qf5 27. f3 Qg5 28. Rb1 Rxb1 29.
Rxb1 Qd2 30. Qxd2 Bxd2 31. Nb5 Rxf3 32. Nxc7 e4 33. a5 Bxa5 34. Ne6 h5 35. Rb8+ Kh7 36.
Rb7 Bc3 37. Kg2 Bd4 38. Ng5+ Kg6 39. Nxf3 exf3+ 40. Kxf3 Bc3 41. Rb6 Be5 42. a4 Kf5 43.
a5 g5 44. a6 g4+ 45. Ke3 Bd4+ 46. Kd3 1-0

[Event "Late-Titled-Tuesday-Blitz-April-23-2024"]
[Site "Chess.com"]
[Date "2024.04.23"]
[Round "1"]
[White "bascheyaro"]
[Black "Eloist"]
[Result "1-0"]
[WhiteElo "2804"]
[BlackElo "2459"]
[TimeControl "180+1"]
[EndTime "14:04:43 PDT"]
[Termination "bascheyaro won by resignation"]

1. d4 e6 2. Nf3 Nf6 3. c4 b6 4. Nc3 Bb4 5. Bg5 h6 6. Bh4 Bb7 7. e3 Bxc3+ 8. bxc3 d6 9. Bd3 Qe7 10. O-O e5 11. Bc2 O-O 12. a4 Nc6 13. h3 Na5 14. Nd2 Qe6 15. Bd3 c5 16. d5 Qe7 17.
Ne4 g5 18. Nxf6+ Qxf6 19. Bg3 Rae8 20. f4 gxf4 21. exf4 e4 22. Bc2 Nxc4 23. Qg4+ Qg6 24. Rfe1 Bxd5 25. Rad1 Bc6 26. Bb3 Na5 27. Qxg6+ 1-0

[Event "Late-Titled-Tuesday-Blitz-April-23-2024"]
[Site "Chess.com"]
[Date "2024.04.23"]
[Round "1"]
[White "wadsy27"]
[Black "zacachess"]
[Result "1-0"]
[WhiteElo "2642"]
[BlackElo "2331"]
[TimeControl "180+1"]
[EndTime "14:04:43 PDT"]
[Termination "wadsy27 won by resignation"]

1. c4 Nf6 2. g3 g6 3. Bg2 Bg7 4. Nc3 O-O 5. d3 d6 6. e4 c5 7. Nge2 Nc6 8. O-O a6 9. h3 Rb8 10. a4 Ne8 11. Be3 b5 12. axb5 axb5 13. Nxb5 Bxb2 14. Rb1 Bg7 15. Qd2 Nc7 16. Nec3 Nd4 17.
Nxc7 Rxb1 18. Rxb1 Qxc7 19. Nd5 Qa7 20. Bg5 f6 21. Be3 Bxh3 22. Bxd4 Bxg2 23. Bxc5 Qxc5 24.
Nxe7+ Kf7 25. Rb7 Bf3 26. Nf5+ Ke8 27. Nxg7+ 1-0

[Event "Late-Titled-Tuesday-Blitz-April-23-2024"]
[Site "Chess.com"]
[Date "2024.04.23"]
[Round "1"]
[White "BenchGM"]
[Black "VD_coach"]
[Result "0-1"]
[WhiteElo "2231"]
[BlackElo "2604"]
[TimeControl "180+1"]
[EndTime "14:04:46 PDT"]
[Termination "VD_coach won on time"]

1. e4 c5 2. Nf3 d6 3. d4 cxd4 4. Nxd4 Nf6 5. Nc3 g6 6. Be3 Bg7 7. f3 Nc6 8. Qd2 O-O 9. O-O-O Nxd4 10. Bxd4 Be6 11. Kb1 Qc7 12. h4 Rfc8 13. h5 Qa5 14. hxg6 hxg6 15. a3 Rab8 16. g4 b5 17. g5 b4 18.
gxf6 bxc3 19. fxg7 Rxb2+ 20. Kc1 Rb1+ 21. Kxb1 Rb8+ 0-1

[Event "Late-Titled-Tuesday-Blitz-April-23-2024"]
[Site "Chess.com"]
[Date "2024.04.23"]
[Round "1"]
[White "cthake"]
[Black "ilushka"]
[Result "0-1"]
[WhiteElo "1849"]
[BlackElo "2552"]
[TimeControl "180+1"]
[EndTime "14:04:48 PDT"]
[Termination "ilushka won by resignation"]

1. e4 e6 2. d4 d5 3. Nc3 Nf6 4. Bg5 dxe4 5. Nxe4 Be7 6. Nxf6+ Bxf6 7. Bxf6 Qxf6 8.
Nf3 O-O 9. Bd3 Rd8 10. c3 c6 11. O-O Nd7 12. Re1 c5 13. Qc2 h6 14. Rad1 cxd4 15.
cxd4 Nb6 16. Ne5 Bd7 17. Qe2 Rac8 18. Qe4 g6 19. Re3 Bc6 20. Qg4 h5 21. Qg3 Rxd4 22.
Nxc6 bxc6 23. Re5 Rcd8 24. Rxh5 Rxd3 25. Rxd3 Rxd3 26. Qb8+ Rd8 0-1

[Event "Late-Titled-Tuesday-Blitz-April-23-2024"]
[Site "Chess.com"]
[Date "2024.04.23"]
[Round "1"]
[White "AlexeiShirov"]
[Black "traack"]
[Result "1-0"]
[WhiteElo "2800"]
[BlackElo "2458"]
[TimeControl "180+1"]
[EndTime "14:04:49 PDT"]
[Termination "AlexeiShirov won by checkmate"]

1. e4 c5 2. Nf3 d6 3. d4 cxd4 4. Nxd4 Nf6 5. Nc3 Nc6 6. Bg5 e6 7. Qd2 Bd7 8. Ndb5 Qb8 9. O-O-O h6 10. Bh4 a6 11. Nxd6+ Bxd6 12. Qxd6 Qxd6 13. Rxd6 Ke7 14. Rxc6 Bxc6 15. e5 g5 16. exf6+ Kxf6 17. Bg3 Kg6 18. h4 f5 19. Be5 Rh7 20. f3 g4 21.
fxg4 b5 22. Bd3 b4 23. gxf5+ exf5 24. Ne2 Kh5 25. Nf4+ Kg4 26. Be2+ Kg3 27. Rh3+ Kf2 28. Bd4+ Ke1 29. Rh1# 1-0

[Event "Late-Titled-Tuesday-Blitz-April-23-2024"]
[Site "Chess.com"]
[Date "2024.04.23"]
[Round "1"]
[White "shirovin"]
[Black "ozates"]
[Result "0-1"]
[WhiteElo "2076"]
[BlackElo "2565"]
[TimeControl "180+1"]
[EndTime "14:05:05 PDT"]
[Termination "ozates won by checkmate"]

1. e4 c5 2. Nf3 Nc6 3. b4 cxb4 4. d4 e6 5. d5 Qf6 6. c3 Ne5 7. Be2 bxc3 8. Qc2 Bd6 9. O-O exd5 10. exd5 Ne7 11. Nxc3 O-O 12. Kh1 Nxf3 13. Bxf3 b6 14. Ne4 Qxa1 15. Bb2 Qxf1# 0-1

[Event "Late-Titled-Tuesday-Blitz-April-23-2024"]
[Site "Chess.com"]
[Date "2024.04.23"]
[Round "1"]
[White "TheAlienParty"]
[Black "NikitaShnadrygin"]
[Result "0-1"]
[WhiteElo "2406"]
[BlackElo "2711"]
[TimeControl "180+1"]
[EndTime "14:05:08 PDT"]
[Termination "NikitaShnadrygin won by checkmate"]

1. c4 Nf6 2. g3 g6 3. Bg2 d5 4. cxd5 Nxd5 5. Nc3 Nb6 6. Nf3 Bg7 7. d4 Nc6 8. e3 O-O 9. O-O Re8 10. b3 e5 11.
dxe5 Nxe5 12. Bb2 Nd3 13. Qe2 Nxb2 14. Qxb2 c5 15. Rfd1 Qf6 16. Rac1 Bg4 17. Qe2 Rad8 18. h3 Rxd1+ 19. Nxd1 Bf5 20. g4 Be4 21. Rxc5 Qa1 22. Qd2 Qf6 23. Nd4 Bxg2 24. Kxg2 Qd6 25. Rc2 h5 26.
Nf3 Qe6 27. gxh5 gxh5 28. Qb4 Qg6+ 29. Kh2 Qxc2 30. Qb5 Rd8 31. Qxh5 Rxd1 32. Ng5 Qxf2# 0-1

[Event "Late-Titled-Tuesday-Blitz-April-23-2024"]
[Site "Chess.com"]
[Date "2024.04.23"]
[Round "1"]
[White "Horokoskii"]
[Black "Mikayel99"]
[Result "0-1"]
[WhiteElo "2170"]
[BlackElo "2583"]
[TimeControl "180+1"]
[EndTime "14:05:09 PDT"]
[Termination "Mikayel99 won by resignation"]

1. c4 g6 2. Nc3 Bg7 3. d4 Nf6 4. e4 O-O 5. Be2 d6 6. g4 c5 7. d5 e6 8. h4 exd5 9. exd5 Re8 10.
Be3 b5 11. Nxb5 Ne4 12. Nf3 Bxg4 13. Nd2 Bxe2 14. Qxe2 a6 15. Nc3 Nxc3 16. bxc3 Bxc3 17. Rb1 Nd7 18. h5 Rb8 19. Rxb8 Qxb8 20. Kf1 Qb2 21. hxg6 hxg6 22. Qd3 Ne5 23. Qb1 Qxb1+ 24. Nxb1 Ba5 25. Rh4 Rb8 26. Nd2 Bxd2 27. Bxd2 Nf3 0-1